Map: Triton LE

Players

Hellraiser

  • Race: Protoss Protoss
  • Spawn Location: 11:00

Astrea - Winner!

  • Race: Protoss Protoss
  • Spawn Location: 5:00

VOD

Have the link to the VOD?

Description

Time

  • Played on: Sept. 6, 2019, 5:23 p.m.
  • Length: 15:27
Show
View Real Time Build Order
Export as new Build Order

Hellraiser Protoss 

Build Orders: Oracle Opening 

Get SALT Encoding   

  12  0:00  Probe  
  13  0:12  Probe  
  14  0:17  Pylon  
  14  0:24  Probe  
  15  0:32  Probe  
  15  0:39  Gateway  
  15  0:40  Probe  
  16  0:47  Assimilator  
  17  0:51  Probe  
  17  0:54  Assimilator  
  18  0:59  Probe  
  19  1:07  Gateway, Probe  
  19  1:17  Probe  
  21  1:25  Cybernetics Core  
  21  1:29  Probe  
  22  1:39  Pylon  
  22  1:41  Probe  
  23  1:57  Probe  
  24  2:03  Adept  
  24  2:04  Stargate, Adept  
  28  2:09  Warp Gate  
  28  2:10  Probe  
  29  2:17  Pylon  
  30  2:22  Probe  
  30  2:35  Adept x2  
  33  2:38  Oracle  
  36  3:08  Nexus  
  36  3:11  Oracle  
  36  3:13  Pylon  
  39  3:31  Probe  
  40  3:37  Robotics Facility  
  40  3:43  Probe  
  42  3:55  Probe  
  42  3:57  Adept  
  42  3:58  Adept  
  46  4:03  Pylon  
  46  4:07  Probe  
  47  4:18  Probe  
  47  4:19  Probe  
  49  4:24  Immortal  
  49  4:26  Probe  
  49  4:28  Probe  
  52  4:35  Probe  
  52  4:38  Probe  
  52  4:47  Stalker  
  52  4:48  Probe  
  52  4:49  Sentry  
  54  4:57  Shield Battery, Probe  
  54  5:00  Probe  
  54  5:04  Observer  
  56  5:09  Probe  
  56  5:12  Probe  
  52  5:15  Twilight Council  
  52  5:16  Immortal  
  52  5:17  Forge  
  52  5:19  Assimilator  
  52  5:21  Probe  
  53  5:24  Probe  
  58  5:33  Probe  
  59  5:36  Probe  
  59  5:40  Protoss Ground Weapons Level 1  
  59  5:41  Assimilator  
  60  5:45  Probe  
  60  5:48  Probe  
  60  5:49  Warp Prism  
  62  5:51  Blink  
  64  6:00  Probe  
  64  6:01  Probe  
  66  6:07  Pylon  
  66  6:16  Pylon  
  66  6:18  Pylon  
  66  6:20  Gateway  
  66  6:21  Gateway  
  66  6:25  Gateway x2  
  66  6:28  Sentry  
  66  6:29  Immortal, Sentry  
  74  6:50  Gateway  
  74  6:52  Pylon  
  74  6:53  Stalker x2  
  78  7:02  Pylon  
  78  7:05  Observer  
  78  7:16  Stalker x4  
  86  7:32  Observer  
  86  7:47  Protoss Ground Weapons Level 2, Stalker x5  
  86  7:51  Stalker x2  
  100  8:00  Charge  
  100  8:10  Pylon  
  100  8:12  Pylon  
  98  8:28  Stalker x6  
  110  8:34  Stalker  
  100  8:41  Probe  
  100  8:47  Immortal  
  67  9:04  Nexus  
  61  9:11  Stalker x4  
  65  9:17  Stalker x2  
  65  9:22  Stalker  
  71  9:37  Dark Shrine, Stalker x2  
  75  9:43  Zealot x2  
  79  9:48  Observer  
  79  9:50  Probe  
  79  9:51  Probe  
  78  9:53  Zealot  
  80  10:02  Probe  
  80  10:03  Probe  
  82  10:11  Stalker  
  81  10:14  Probe  
  81  10:16  Probe x2  
  84  10:25  Warp Prism  
  84  10:26  Probe  
  84  10:27  Sentry, Stalker  
  84  10:28  Stalker x2  
  93  10:29  Probe  
  96  10:41  Photon Cannon  
  96  10:47  Pylon  
  96  10:50  Stalker x2  
  96  10:51  Immortal  
  104  11:07  Zealot x4  
  112  11:14  Photon Cannon  
  112  11:22  Immortal  
  115  11:38  Zealot  
  115  11:39  Stalker  
  115  11:41  Probe  
  115  11:42  Probe  
  115  11:43  Probe  
  116  11:53  Probe  
  117  12:06  Stargate x2  
  117  12:07  Dark Templar x2  
  117  12:08  Immortal, Dark Templar x2  
  125  12:11  Probe x2  
  125  12:13  Assimilator  
  125  12:14  Zealot, Probe, Assimilator  
  134  12:23  Probe  
  125  12:32  Probe x2  
  125  12:42  Zealot x3, Phoenix x2, Dark Templar x2  
  135  12:49  Archon  
  139  12:56  Zealot  
  141  13:00  Pylon x2  
  141  13:18  Immortal, Phoenix  
  143  13:22  Zealot x4  
  143  13:25  Phoenix  
  153  13:35  Pylon  
  153  13:39  Photon Cannon  
  153  13:42  Phoenix  
  153  13:50  Dark Templar x2  
  153  13:52  Phoenix  
  153  13:54  Dark Templar  
  159  13:57  Observer  
  161  14:06  Dark Templar  
  161  14:08  Zealot  
  165  14:16  Pylon  
  154  14:33  Observer, Phoenix  
  104  14:46  Zealot x7  
  96  15:02  Observer  
  87  15:14  Archon  
Show
View Real Time Build Order
Export as new Build Order

Astrea Protoss - Winner!

Build Orders: Phoenix Opening, Blink Stalkers 

Get SALT Encoding   

  12  0:00  Probe  
  13  0:13  Probe  
  14  0:17  Pylon  
  14  0:23  Probe  
  15  0:31  Probe  
  16  0:38  Gateway  
  16  0:39  Probe  
  16  0:46  Assimilator  
  17  0:51  Probe  
  17  0:54  Assimilator  
  18  0:59  Probe  
  19  1:07  Gateway, Probe  
  19  1:17  Probe  
  21  1:25  Cybernetics Core  
  21  1:29  Probe  
  22  1:36  Pylon  
  22  1:41  Probe  
  23  1:52  Warp Gate  
  23  1:54  Probe  
  24  2:02  Sentry, Stalker  
  24  2:06  Probe  
  24  2:07  Pylon  
  29  2:19  Probe  
  29  2:21  Twilight Council  
  30  2:35  Stalker  
  33  2:37  Probe, Stalker  
  35  2:45  Blink  
  34  3:00  Phoenix  
  34  3:12  Nexus  
  34  3:20  Pylon  
  34  3:24  Probe  
  34  3:36  Probe  
  34  3:40  Shield Battery  
  35  3:42  Stalker  
  35  3:46  Stalker  
  35  3:48  Probe  
  40  3:59  Pylon  
  40  4:00  Probe  
  41  4:05  Stalker  
  41  4:06  Shield Battery  
  43  4:13  Stalker  
  45  4:20  Shield Battery  
  45  4:22  Probe  
  46  4:24  Probe  
  46  4:28  Stalker  
  49  4:36  Probe  
  46  4:40  Probe  
  46  4:41  Stalker  
  46  4:46  Shield Battery  
  46  4:48  Probe  
  48  4:52  Probe  
  48  5:01  Probe  
  48  5:03  Stalker  
  48  5:04  Probe  
  52  5:12  Probe, Stalker  
  52  5:13  Probe  
  53  5:20  Probe  
  54  5:24  Probe  
  56  5:28  Probe, Stalker  
  56  5:31  Robotics Facility  
  56  5:32  Probe  
  59  5:38  Probe  
  59  5:40  Probe  
  61  5:44  Assimilator  
  61  5:46  Assimilator  
  61  5:49  Probe  
  62  5:51  Probe  
  64  5:59  Forge  
  64  6:01  Probe  
  64  6:02  Pylon  
  64  6:03  Probe  
  66  6:05  Pylon, Stalker  
  66  6:09  Stalker  
  70  6:15  Observer  
  70  6:20  Probe x2  
  70  6:24  Protoss Ground Weapons Level 1  
  73  6:29  Robotics Bay  
  73  6:31  Warp Prism, Pylon  
  75  6:40  Stalker  
  75  6:43  Stalker  
  79  6:52  Pylon  
  79  7:04  Gateway  
  79  7:05  Gateway  
  79  7:11  Disruptor  
  79  7:19  Gateway  
  79  7:20  Gateway  
  82  7:24  Gravitic Drive  
  82  7:28  Stalker x2  
  86  7:39  Disruptor  
  89  7:52  Stalker  
  89  7:53  Stalker  
  91  8:06  Nexus  
  91  8:07  Pylon  
  91  8:08  Pylon, Disruptor  
  91  8:09  Stalker x2  
  95  8:14  Pylon  
  95  8:17  Dark Shrine  
  96  8:22  Probe  
  97  8:31  Stalker x3  
  92  8:43  Stalker x2  
  92  8:45  Disruptor  
  80  8:57  Stalker  
  73  9:09  Stalker  
  75  9:14  Probe, Protoss Ground Weapons Level 2  
  75  9:16  Stalker  
  78  9:23  Probe  
  79  9:25  Probe  
  79  9:26  Probe  
  79  9:27  Observer  
  82  9:47  Disruptor  
  82  9:56  Probe x2  
  87  10:03  Stalker x3  
  93  10:20  Probe x3  
  96  10:24  Disruptor  
  96  10:25  Pylon, Stalker x3  
  96  10:28  Charge  
  105  10:39  Probe x2  
  108  10:49  Photon Cannon  
  107  10:50  Photon Cannon  
  107  11:01  Dark Templar x2  
  111  11:05  Dark Templar  
  111  11:08  Zealot x3  
  119  11:23  Protoss Ground Weapons Level 3  
  119  11:26  Gateway  
  119  11:27  Gateway  
  119  11:28  Probe x2  
  119  11:29  Probe  
  122  11:32  Gateway  
  122  11:33  Zealot x5  
  126  11:47  Zealot  
  126  11:48  Probe x3  
  126  11:50  Assimilator  
  126  11:51  Assimilator  
  131  11:54  Zealot x2  
  131  11:58  Observer  
  135  12:03  Zealot x3  
  138  12:13  Templar Archives  
  138  12:22  Observer  
  138  12:23  Zealot x5  
  147  12:35  Photon Cannon  
  145  12:41  Pylon  
  145  12:42  Gravitic Boosters  
  145  12:45  Pylon x2  
  145  12:55  Pylon  
  145  13:00  Observer  
  145  13:01  Pylon, High Templar  
  145  13:03  High Templar x4  
  145  13:04  Zealot x3, High Templar  
  164  13:09  Archon x2  
  164  13:11  Archon  
  158  13:27  High Templar x2  
  158  13:28  Zealot  
  158  13:29  Nexus  
  158  13:31  Photon Cannon  
  158  13:33  Archon  
  158  13:34  Gateway  
  164  13:35  Pylon  
  164  13:38  Zealot x5  
  172  13:53  Observer  
  172  13:55  Pylon x2  
  172  14:02  High Templar x3  
  176  14:03  Observer, Zealot x5  
  176  14:06  Archon x2  
  188  14:16  Pylon, Disruptor  
  191  14:18  Pylon  
  178  14:40  Zealot x10  
  127  15:06  High Templar x2  
  127  15:07  Zealot x4, High Templar x3  
  124  15:08  High Templar  
  124  15:12  Archon  
  134  15:15  Archon x2  
Tags
 
Add a new tag
Caveats
  • Supply blocks, unpowered buildings, or Contaminate may cause inaccurate times.
  • Supply counts are checked every 10 seconds.